 Dungeon Crawl Stone Soup version 0.25-a0-547-g27a0b5d1ef (webtiles) character file.

Game seed: 17518976726497531520, levelgen mode: deterministic

17138 ChaosChampion the Unseen (level 12, -6/51 HPs)
             Began as a Spriggan Enchanter on Feb 20, 2020.
             Was a High Priest of Makhleb.
             Killed by divine providence
             ... invoked by a meliai
              (9 damage)
             ... on level 12 of the Dungeon on Feb 22, 2020.
             The game lasted 00:43:42 (12301 turns).

ChaosChampion the Unseen (Spriggan Enchanter)      Turns: 12301, Time: 00:43:43

Health: -6/51      AC:  6    Str:  4    XL:     12   Next: 16%
Magic:  25/26      EV: 29    Int: 16    God:    Makhleb [*****.]
Gold:   841        SH:  0    Dex: 22    Spells: 21/29 levels left

rFire    . . .     SeeInvis +   G - +4 dagger (venom)
rCold    . . .     Gourm    .   (shield restricted)
rNeg     . . .     Faith    .   E - +0 steam dragon scales
rPois    .         Spirit   .   (helmet restricted)
rElec    .         Reflect  .   (no cloak)
rCorr    .         Harm     .   (gloves unavailable)
MR       ++...                  (boots unavailable)
Stlth    ++++++++..             A - amulet of magic regeneration
HPRegen  0.17/turn              C - +1 ring of protection
MPRegen  0.45/turn              y - ring of stealth

@: about to teleport, very slightly contaminated, very quick
A: very small, unfitting armour, see invisible, herbivore, speed 3, slow
metabolism 2
a: Minor Destruction, Lesser Servant of Makhleb, Major Destruction, Greater
Servant of Makhleb, Renounce Religion


You were on level 12 of the Dungeon.
You worshipped Makhleb.
Makhleb was extremely pleased with you.
You were near starving.

You visited 3 branches of the dungeon, and saw 14 of its levels.

You collected 841 gold pieces.

Inventory:

Hand Weapons
 a - a +1 dagger
 e - the +6 dire flail "Acarineslayer" {venom, Str-4 Dex+4 SInv}
   (You took it off a two-headed ogre on level 11 of the Dungeon)

   It poisons the flesh of those it strikes.
   It affects your strength (-4).
   It affects your dexterity (+4).
   It lets you see invisible.
 h - a +4 short sword of draining
 l - a +3 dagger of venom
 n - a +2 dagger of protection
 G - a +4 dagger of venom (weapon)
 N - a cursed -1 dagger
Missiles
 j - 20 boomerangs (quivered)
 K - 2 silver boomerangs
 O - 23 poisoned darts
Armour
 b - a +1 robe
 E - +0 steam dragon scales (worn)
 I - the cursed +1 leather armour "Uhuplel" {+Inv rCorr Str+3 Dex-2, unknown}
   (You found it on level 8 of the Dungeon)

   It affects your strength (+3).
   It affects your dexterity (-2).
   It lets you turn invisible.
   It provides partial protection from all sources of acid and corrosion.
   If you switch to wearing this armour, your AC will decrease by 1 (6 -> 5).
   It has a curse placed upon it.
Jewellery
 g - an uncursed ring of poison resistance
 y - a ring of stealth (right hand)
 A - an amulet of magic regeneration (around neck)
 B - an uncursed ring of protection from cold
 C - a +1 ring of protection (left hand)
 S - an uncursed ring of ice
Wands
 D - a wand of polymorph (9)
 T - a wand of paralysis (9)
Scrolls
 f - a scroll of amnesia
 k - 5 scrolls of identify
 m - a scroll of enchant armour
 q - 5 scrolls of teleportation
 s - a scroll of fear {unknown}
 x - 4 scrolls of remove curse
 F - a scroll of brand weapon {unknown}
 H - a scroll of random uselessness {unknown}
 P - a scroll of immolation
 R - a scroll of vulnerability {unknown}
Potions
 c - 8 potions of curing
 o - 3 potions of haste {unknown}
 p - 4 potions of mutation {unknown}
 r - a potion of resistance {unknown}
 t - 6 potions of heal wounds {unknown}
 u - a potion of degeneration {unknown}
 v - a potion of berserk rage {unknown}
 w - 2 potions of brilliance {unknown}
 z - a potion of lignification {unknown}
 J - 3 potions of flight {unknown}
 L - 3 potions of magic {unknown}
 M - a potion of invisibility {unknown}
Miscellaneous
 Q - a lightning rod (4/4)
Comestibles
 d - 26 rations


   Skills:
 * Level 11.3 Short Blades
 + Level 10.8 Dodging
 * Level 15.8 Stealth
 + Level 9.3 Spellcasting
 + Level 9.6 Hexes
 - Level 0.1 Ice Magic
 + Level 2.8 Invocations
 - Level 4.6 Evocations


You had 21 spell levels left.
You knew the following spells:

 Your Spells              Type           Power        Failure   Level  Hunger
a - Confusing Touch       Hex            #####...     1%          3    #......
b - Ensorcelled Hibernat  Hex/Ice        ###...       1%          2    None
c - Dazzling Flash        Conj/Hex       ###...       4%          3    #......

Your spell library contained the following spells:

 Spells                   Type           Power        Failure   Level  Hunger
 Corona                   Hex            #####..      1%          1    None
 Tukima's Dance           Hex            #####...     1%          3    #......
 Magic Dart               Conj           #...         10%         1    None
 Searing Ray              Conj           #.....       14%         2    None
 Fulminant Prism          Conj/Hex       ###.......   14%         4    ###....
 Iskenderun's Mystic Bla  Conj/Tloc      #.......     67%         4    ###....


Dungeon Overview and Level Annotations

Branches:
Dungeon (12/15)            Temple (1/1) D:5            Lair (0/6) D:9
    Orc (1/2) D:11

Altars:
Ashenzari
Cheibriados
Dithmenos
Elyvilon
Fedhas
Gozag
Hepliaklqana
Kikubaaqudgha
Makhleb
Nemelex Xobeh
Okawaru
Qazlal
Ru
Sif Muna
Trog
Uskayaw
Vehumet
Wu Jian
Xom
Yredelemnul
Zin
The Shining One

Shops:
D:6 =   D:11 [


Innate Abilities, Weirdness & Mutations

You are very small and have problems with some larger weapons.
You are too small for most types of armour.
You have supernaturally acute eyesight. (SInv)
You are a herbivore.
You cover ground extremely quickly.
You need to consume almost no food.


Message History

The meliai resists with some effort.
The meliai misses you. The meliai barely misses you.
The meliai hits you with a +0 war axe! The meliai misses you.
The meliai closely misses you. The meliai completely misses you.
The meliai invokes the aid of its god against you.
Something smites you!
The meliai mumbles some strange prayers to its god against you.
Something smites you! The meliai closely misses you. x2
Blink to where?
Press: ? - help, Dir - move target cursor, p - meliai You are very lightly contaminated with residual magic.
As you read the scroll of blinking, it crumbles to dust.
The meliai calls down the wrath of its god upon you.
Something smites you!
* * * LOW HITPOINT WARNING * * *
As you read the scroll of teleportation, it crumbles to dust.
You feel strangely unstable.
The meliai mumbles some strange prayers to its god against you.
Something smites you!
You die...

.......#.......#................#
.......#.......#................#
.......#.......#................#
#####..##......#######....#######
....#............#..............#
....#............#..............#
....#............#..............#
....#............#..............#
#####...##...#..@###########....#
.............#.......y.....#....#
.............#........y....#....#
.............#........y....#....#
.............#.............#....#
.............#.............#....#
.............#.............#....#
#################################


You could see 3 meliai.

Vanquished Creatures
  Fannar (D:12)
  Erica (D:11)
  5 two-headed ogres
  A cyclops (D:12)
  3 ugly things
  A deep elf mage (D:12)
  A gargoyle (D:12)
  Maggie (D:7)
  3 trolls
  4 hippogriffs
  A basilisk (D:11)
  4 hogs (D:9)
  Grum (D:10)
  A wyvern (D:10)
  A human (D:9)
  2 vampire mosquitoes
  2 wargs
  Menkaure (D:7)
  An acid dragon (D:11)
  Duvessa (D:7)
  6 orc warriors
  4 ice beasts
  2 sky beasts (D:5)
  10 ogres
  A necrophage (D:6)
  4 wolves (D:10)
  3 centaurs
  2 crocodiles
  A big kobold (D:12)
  6 bullfrogs
  Dowan (D:7)
  3 scorpions
  2 water moccasin skeletons
  10 wights
  2 howler monkeys
  4 jellies
  5 crimson imps
  A quasit (D:10)
  2 hounds
  3 centaur skeletons
  A gnoll shaman (D:8)
  4 orc priests
  A bullfrog skeleton (D:10)
  Ijyb (D:3)
  11 orc wizards
  4 iguanas
  10 worker ants
  A hound zombie (D:9)
  3 hound skeletons
  A worker ant zombie (D:9)
  15 gnolls
  7 adders
  2 shadow imps
  An adder zombie (D:5)
  3 worms
  3 dart slugs
  8 leopard geckos
  36 orcs
  A ball python (D:3)
  8 bats
  4 giant cockroaches
  2 gnoll zombies (D:8)
  12 hobgoblins
  3 jackals (D:1)
  5 quokkas
  6 frilled lizards
  7 goblins
  14 kobolds
  A quokka zombie (D:5)
  6 rats
289 creatures vanquished.

Vanquished Creatures (collateral kills)
  The ghost of SpaceButler the Destroyer, a journeyman DrIE of Vehumet (D:11)
  An orc priest (Orc:1)
  A gnoll (Orc:1)
3 creatures vanquished.

Vanquished Creatures (others)
  A plant (D:11)
1 creature vanquished.

Grand Total: 293 creatures vanquished

Notes
Turn   | Place    | Note
-------+----------+-------------------------------------------
     0 | D:1      | ChaosChampion the Spriggan Enchanter began the quest for
                  | the Orb.
     0 | D:1      | Reached XP level 1. HP: 9/9 MP: 5/5
    62 | D:1      | Reached XP level 2. HP: 7/13 MP: 3/6
    66 | D:1      | Learned a level 2 spell: Ensorcelled Hibernation
   694 | D:1      | Reached skill level 5 in Stealth
   956 | D:1      | Reached XP level 3. HP: 15/16 MP: 8/8
  1332 | D:2      | Found a faded altar of an unknown god.
  1337 | D:2      | Became a worshipper of Makhleb the Destroyer
  1337 | D:2      | Reached * piety under Makhleb
  1888 | D:2      | You fall into a shaft and drop 2 floors!
  1987 | D:4      | Reached XP level 4. HP: 21/21 MP: 9/9
  2060 | D:4      | Reached skill level 6 in Stealth
  2102 | D:4      | Reached XP level 5. HP: 21/24 MP: 1/11
  2256 | D:4      | Reached XP level 6. HP: 28/28 MP: 3/12
  2277 | D:4      | Reached skill level 7 in Stealth
  2581 | D:4      | Learned a level 3 spell: Dazzling Flash
  2593 | D:4      | Learned a level 3 spell: Confusing Touch
  2858 | D:3      | Reached ** piety under Makhleb
  2871 | D:3      | Noticed Ijyb
  2889 | D:3      | Killed Ijyb
  3049 | D:3      | Reached skill level 5 in Hexes
  3176 | D:3      | Found an opulent altar of Gozag.
  3177 | D:3      | Found a sparkling altar of Nemelex Xobeh.
  3501 | D:3      | Found a sacrificial altar of Ru.
  3508 | D:3      | Found a snail-covered altar of Cheibriados.
  3553 | D:5      | Entered Level 5 of the Dungeon
  3585 | D:5      | Reached skill level 5 in Dodging
  3585 | D:5      | Reached XP level 7. HP: 32/32 MP: 14/14
  3651 | D:5      | Reached skill level 8 in Stealth
  4018 | D:5      | Found a staircase to the Ecumenical Temple.
  4039 | Temple   | Entered the Ecumenical Temple
  4167 | D:5      | Reached skill level 5 in Short Blades
  4194 | D:5      | Found an opulent altar of Gozag.
  4264 | D:5      | Reached skill level 9 in Stealth
  4264 | D:5      | Reached XP level 8. HP: 36/36 MP: 12/16
  4586 | D:6      | Found a hazy altar of Hepliaklqana.
  4764 | D:6      | Found Ucvej's Jewellery Shoppe.
  4818 | D:6      | Found a burning altar of Makhleb.
  4823 | D:6      | Reached skill level 5 in Spellcasting
  4989 | D:6      | Found a radiant altar of Vehumet.
  4989 | D:6      | Found an ancient bone altar of Kikubaaqudgha.
  4990 | D:6      | Found a shimmering blue altar of Sif Muna.
  4996 | D:6      | Identified Sif Muna's Guide on Curses
  5152 | D:6      | Found a bloodstained altar of Trog.
  5241 | D:7      | Noticed Maggie
  5249 | D:7      | Killed Maggie
  5249 | D:7      | Reached skill level 10 in Stealth
  5305 | D:7      | Noticed Dowan
  5306 | D:7      | Noticed Duvessa
  5312 | D:7      | Killed Duvessa
  5327 | D:6      | Upgraded the game from 0.25-a0-544-gee0576305d to
                  | 0.25-a0-547-g27a0b5d1ef
  5557 | D:7      | Killed Dowan
  5557 | D:7      | Reached *** piety under Makhleb
  5657 | D:7      | Found a shimmering altar of Xom.
  5766 | D:7      | Found a white marble altar of Elyvilon.
  5797 | D:7      | Reached XP level 9. HP: 39/39 MP: 18/18
  5937 | D:7      | Noticed Menkaure
  5944 | D:7      | Killed Menkaure
  6464 | D:8      | Got a dazzling leather armour
  6505 | D:8      | Reached skill level 11 in Stealth
  6832 | D:8      | Found a basalt altar of Yredelemnul.
  6973 | D:8      | Found a sparkling altar of Nemelex Xobeh.
  7656 | D:9      | Reached skill level 12 in Stealth
  7841 | D:9      | Reached **** piety under Makhleb
  7841 | D:9      | Reached XP level 10. HP: 23/44 MP: 1/21
  8008 | D:9      | Found a staircase to the Lair.
  8283 | D:10     | Entered Level 10 of the Dungeon
  8336 | D:10     | Reached skill level 1 in Evocations
  8447 | D:10     | Noticed a two-headed ogre
  8477 | D:10     | Killed a two-headed ogre
  8477 | D:10     | Reached skill level 13 in Stealth
  8569 | D:10     | Noticed a two-headed ogre
  8585 | D:10     | Killed a two-headed ogre
  8833 | D:10     | Noticed Grum
  8847 | D:10     | Killed Grum
  8958 | D:11     | Noticed a red ugly thing
  8978 | D:11     | Killed a red ugly thing
  9120 | D:11     | Reached XP level 11. HP: 38/47 MP: 22/24
  9187 | D:11     | Reached ***** piety under Makhleb
  9198 | D:11     | Reached skill level 14 in Stealth
  9311 | D:11     | Noticed a cyan ugly thing
  9351 | D:11     | Killed a cyan ugly thing
  9351 | D:11     | Reached skill level 10 in Short Blades
  9388 | D:11     | Found a staircase to the Orcish Mines.
  9390 | D:11     | Noticed Erica
  9586 | D:11     | Found a transporter.
  9586 | D:11     | Noticed SpaceButler's ghost (journeyman DrIE)
  9590 | D:11     | Identified the +6 dire flail "Acarineslayer" {venom, Str-4
                  | Dex+4 SInv}
  9590 | D:11     | Noticed a two-headed ogre
  9591 | D:11     | Noticed a two-headed ogre
  9592 | D:11     | Found a transporter.
  9622 | D:11     | Found Wous's Antique Armour Boutique.
  9718 | D:11     | Killed Erica
  9729 | Orc:1    | Entered Level 1 of the Orcish Mines
 10264 | D:11     | Reached skill level 10 in Dodging
 10341 | D:11     | Killed a two-headed ogre
 10358 | D:11     | Killed a two-headed ogre
 10358 | D:11     | Reached skill level 1 in Invocations
 10814 | D:11     | Killed SpaceButler's ghost
 10814 | D:11     | Reached skill level 15 in Stealth
 11031 | D:12     | Noticed Fannar
 11053 | D:12     | Killed Fannar
 11240 | D:12     | Found a snail-covered altar of Cheibriados.
 11455 | D:12     | Noticed a two-headed ogre
 11462 | D:12     | Killed a two-headed ogre
 11519 | D:12     | Reached XP level 12. HP: 51/51 MP: 26/26
 12300 | D:12     | HP: 2/51 [meliai/divine providence (15)]
 12301 | D:12     | Killed from afar by a meliai

Levels and vault maps discovered:
D:1:      dpeg_arrival_rooms_c, layout_loops_ring
D:2:      layout_basic, chequers_ecumenical_altar_simple
D:3:      layout_loops_ring, grunt_temple_overflow_opulence,
          amethyst_overflow_temple_binary, first_ration, uniq_ijyb
D:4:      layout_cave_pools
D:5:      layout_loops_ring, temple_doors_cd, grunt_gozag_statues
D:6:      layout_loops_ring, grunt_temple_overflow_magic_moments,
          kennysheep_little_box, lemuel_doored_altar,
          makhleb_blood_cavern_becter, serial_shops, shop
D:7:      layout_gridville, lemuel_coloured_pillars_altar, kennysheep_mini,
          uniq_menkaure, uniq_duvessa, uniq_maggie
D:8:      layout_basic, lemuel_zombie_altar_yredelemnul, serial_bayou_pond_d,
          nemelex_altar_shiori
D:9:      layout_irregular_city, lair_entry_dummy, grunt_livestock
D:10:     layout_loops_cross, uniq_grum
D:11:     layout_roguey, david_orc_3, serial_shops, shop, gammafunk_ghost_smash,
          minmay_lizard_king, uniq_erica
D:12:     layout_grid_maze, basic_altar, uniq_fannar
Temple:   dpeg_three_leaves_temple
Orc:1:    layout_caves, nicolae_volcano_entry_lava_flow

Skill      XL: |  1  2  3  4  5  6  7  8  9 10 11 |
---------------+----------------------------------+-----
Hexes          | 4 5 6 7 8 9 |  9.6
Stealth        | 5 6 7 9 10 12 13 15 | 15.8
Spellcasting   | 3 4 5 6 8 9 |  9.3
Short Blades   | 2 3 4 5 6 8 9 11 | 11.3
Dodging        | 4 5 7 8 9 10 | 10.8
Evocations     | 3 4 |  4.6
Invocations    | 2 |  2.8
Ice Magic      | |  0.1

Action                   |  1- 3 |  4- 6 |  7- 9 | 10-12 || total
-------------------------+-------+-------+-------+-------++-------
Melee: Dagger            |   175 |   136 |   224 |   406 ||   941
 Cast: Corona            |     5 |       |       |       ||     5
       Ensorcelled Hiber |    25 |    16 |    78 |   112 ||   231
       Dazzling Flash    |       |       |     7 |    25 ||    32
       Confusing Touch   |       |       |     8 |    23 ||    31
Invok: Lesser Servant of |       |       |       |     7 ||     7
       Minor Destruction |       |       |       |     3 ||     3
  Use: Scroll            |       |     8 |     1 |     5 ||    14
       Potion            |       |       |       |     6 ||     6
 Stab: Sleeping          |    18 |    17 |    53 |    62 ||   150
       Invisible         |       |       |     5 |    17 ||    22
       Confused          |       |       |     7 |    15 ||    22
       Distracted        |       |       |     2 |     2 ||     4
  Eat: Ration            |       |     1 |     3 |     2 ||     6
Armor: Robe              |    22 |     3 |     3 |       ||    28
       Steam dragon scal |       |       |    13 |    22 ||    35
Dodge: Dodged            |   156 |    80 |   169 |   328 ||   733

Table legend:
 A = Non-vault XP
 B = Vault XP
 C = Vault XP percentage of total XP
 D = Non-vault monster count
 E = Vault monster count
 F = Vault count percentage of total count
                 A         B        C        D         E       F
            +---------+---------+-------+---------+---------+-------
      Total |   16316 |    8167 |  33.4 |     248 |      44 |  15.1
            +---------+---------+-------+---------+---------+-------
        D:1 |      43 |       0 |   0.0 |      23 |       0 |   0.0
        D:2 |      29 |       0 |   0.0 |      14 |       0 |   0.0
        D:3 |      57 |      36 |  38.7 |      22 |       1 |   4.3
        D:4 |     486 |       0 |   0.0 |      18 |       0 |   0.0
        D:5 |     861 |       0 |   0.0 |      21 |       0 |   0.0
        D:6 |     201 |     137 |  40.5 |       6 |       2 |  25.0
        D:7 |     352 |     785 |  69.0 |       9 |       4 |  30.8
        D:8 |    1017 |       3 |   0.3 |      21 |       2 |   8.7
        D:9 |     928 |     977 |  51.3 |      21 |       5 |  19.2
       D:10 |    3581 |     663 |  15.6 |      22 |       5 |  18.5
       D:11 |    2738 |    4491 |  62.1 |      16 |      24 |  60.0
       D:12 |    5401 |    1075 |  16.6 |      38 |       1 |   2.6
      Orc:1 |     622 |       0 |   0.0 |      17 |       0 |   0.0
            +---------+---------+-------+---------+---------+-------
